 Dungeon Crawl Stone Soup version 0.30.1-4-g462c640d31 (webtiles) character file.

Game seed: 4600015198355392286

115724 ANON1729 the Warrior (level 16, 0/149 HPs)
             Began as a Minotaur Monk on Aug 10, 2023.
             Was a High Priest of Uskayaw.
             Slain by a salamander
             ... wielding a +0 trident
              (6 damage)
             ... on level 1 of the Snake Pit.
             The game lasted 00:19:58 (26388 turns).

ANON1729 the Warrior (Minotaur Monk)               Turns: 26388, Time: 00:19:58

Health: 0/149      AC: 24    Str: 16    XL:     16   Next: 19%
Magic:  21/24      EV: 20    Int:  7    God:    Uskayaw [*****.]
Gold:   1109       SH:  5    Dex: 21    Spells: 15/15 levels left

rFire   + . .        b - +2 quick blade (elec)
rCold   . . .        d - orb {light}
rNeg    . . .        I - +2 scale mail {rF+}
rPois   +            (helmet restricted)
rElec   .            P - +2 cloak {rPois}
rCorr   .            y - +2 pair of gloves
SInv    .            N - +0 pair of boots
Will    .....        x - amulet of reflection Stlth
                     E - +4 ring of protection
HPRegen 0.44/turn    u - +5 ring of evasion
MPRegen 0.19/turn

%: reflection
@: lethally poisoned (0 -> -6), weak-willed, slowed, glowing, constricted,
studying Polearms, very slow
A: horns 2, retaliatory headbutt
a: Renounce Religion, Stomp, Line Pass, Grand Finale


You were on level 1 of the Snake Pit.
You worshipped Uskayaw.
Uskayaw was pleased with you.
You visited 4 branches of the dungeon, and saw 22 of its levels.
You also visited: Ice Cave.

You collected 1679 gold pieces.
You spent 570 gold pieces at shops.

Inventory:

Hand Weapons
 b - a +2 quick blade of electrocution (weapon)
 L - the +5 rapier of Defiance {flame, +Blink Str+3 Int+3}
   (You bought it in a shop on level 2 of the Orcish Mines)

   Str:       It affects your strength (+3).
   Int:       It affects your intelligence (+3).
   +Blink:    It lets you blink.
Missiles
 t - 3 throwing nets (quivered)
 J - 5 curare-tipped darts
Armour
 d - an orb of light (worn)
 y - a +2 pair of gloves (worn)
 I - a +2 scale mail of fire resistance (worn)
 N - a +0 pair of boots (worn)
 P - a +2 cloak of poison resistance (worn)
 R - a scarf of repulsion
 S - the +4 robe of Snakes and Ladders {Fly rCorr}
   (You took it off a wight on level 9 of the Dungeon)

   Fly:       It grants you flight.
   rCorr:     It protects you from acid and corrosion.
 T - +0 acid dragon scales
Jewellery
 p - a ring of flight
 s - an amulet of regeneration
 u - a +5 ring of evasion (right hand)
 x - an amulet of reflection (around neck)
 E - a +4 ring of protection (left hand)
 F - a ring of wizardry
 G - an amulet of the acrobat
 Q - a ring of willpower
 W - an amulet of faith
Wands
 a - a wand of mindburst (5)
 c - a wand of light (6)
 D - a wand of flame (49)
 H - a wand of paralysis (24)
 M - a wand of polymorph (12)
 O - a wand of iceblast (16)
 Y - a wand of digging (11)
Scrolls
 f - 7 scrolls of fog
 h - 12 scrolls of teleportation
 i - 4 scrolls of vulnerability
 k - 6 scrolls of fear
 n - 7 scrolls of blinking
 r - 3 scrolls of brand weapon
 v - 5 scrolls of magic mapping
 K - 4 scrolls of amnesia
 V - 3 scrolls of poison
 X - a scroll of immolation
Potions
 e - 7 potions of lignification
 g - 4 potions of curing
 j - 3 potions of heal wounds
 o - 3 potions of flight
 q - 2 potions of ambrosia
 w - 3 potions of mutation
 z - a potion of attraction {unknown}
 A - 4 potions of brilliance
 B - 5 potions of might
 C - a potion of invisibility {unknown}
 U - 2 potions of resistance {unknown}
 Z - 2 potions of haste
Miscellaneous
 l - a lightning rod (4/4)
 m - a tin of tremorstones (2/2)


   Skills:
 + Level 15.0 Fighting
 + Level 13.9 Short Blades
 + Level 14.4 Armour
 + Level 13.8 Dodging
 + Level 12.5 Invocations
 + Level 11.2 Evocations


You had 15 spell levels left.
You didn't know any spells.
Your spell library contained the following spells:

 Spells                   Type           Power      Damage    Failure   Level
 Freeze                   Ice            0%         1d3       75%         1
 Frozen Ramparts          Ice            0%         1d1       98%         3
 Hailstorm                Conj/Ice       0%         3d3       98%         3
 Ozocubu's Armour         Ice            0%         N/A       98%         3
 Portal Projectile        Hex/Tloc       0%         N/A       98%         3
 Tukima's Dance           Hex            0%         N/A       98%         3
 Vhi's Electric Charge    Tloc/Air       0%         N/A       98%         3
 Manifold Assault         Tloc           0%         N/A       100%        4
 Summon Lightning Spire   Summ/Air       0%         N/A       100%        4
 Arcjolt                  Conj/Air       0%         1d10      100%        5
 Blade Hands              Tmut           0%         N/A       100%        5
 Irradiate                Conj/Tmut      0%         3d11      100%        5
 Dispersal                Tloc           0%         N/A       100%        6
 Simulacrum               Ice/Necr       0%         N/A       100%        6
 Dragon Form              Tmut           0%         N/A       100%        7
 Ozocubu's Refrigeration  Ice            0%         4d7       100%        7
 Storm Form               Tmut/Air       0%         N/A       100%        7
 Disjunction              Tloc           0%         N/A       100%        8
 Maxwell's Capacitive Co  Air            0%         ∞         100%        8
 Chain Lightning          Conj/Air       0%         N/A       100%        9
 Fire Storm               Conj/Fire      0%         5d1       100%        9
 Polar Vortex             Ice            0%         N/A       100%        9
 Shatter                  Erth           0%         3d5*      100%        9


Dungeon Overview and Level Annotations

Branches:
Dungeon (14/15)            Temple (0/1) D:4            Lair (5/5) D:8
  Swamp (0/4) Lair:2        Snake (1/4) Lair:3        Slime (0/5) Lair:5
    Orc (2/2) D:11            Elf (0/3) Orc:2        Vaults (0/5) D:14
  IceCv (visited)

Altars:
Cheibriados
Dithmenos
Gozag
Qazlal
Trog
Uskayaw
Vehumet
Wu Jian
Yredelemnul
Jiyva

Shops:
D:8 [   Orc:2 ([(:   Snake:1 [[

Portals:
Abyss: Lair:4
Trove: D:11 (give 5 potions of resistance)


Innate Abilities, Weirdness & Mutations

You have a pair of horns on your head.
You reflexively headbutt those who attack you in melee.


Message History

You are too injured to fight recklessly!
You are too injured to fight recklessly!
You are too injured to fight recklessly!
You stomp with the beat, sending a shockwave through the revellers around you!
The salamander is heavily wounded.
The phantasmal warrior is heavily damaged.
You feel very sick.
The naga warrior looks more healthy.
The naga warrior no longer looks unusually strong.
The naga mage hits you but does no damage.
The phantasmal warrior completely misses you.
You furiously retaliate!
You headbutt the phantasmal warrior. You block the naga mage's attack.
The salamander hits you but does no damage.
The naga warrior hits you but does no damage.
The phantasmal warrior misses you. You furiously retaliate!
You headbutt the phantasmal warrior!
Aiming: Grand Finale
Press: ? - help, Shift-Dir - straight line, f - shock serpent
Aim: a shock serpent (lightly wounded, sharing its pain, haloed)
You fail to use your ability.
You feel very sick.
The naga mage no longer looks unusually strong.
The naga mage closely misses you. You block the naga warrior's attack.
The naga warrior grabs you. The naga warrior constricts you.
The salamander hits you with a +0 trident!
You are engulfed in flames.
You resist.
The naga mage hits you from afar with a +0 spear.
* * * LOW HITPOINT WARNING * * *
The naga warrior hits you but does no damage.
The naga warrior hits you with a +0 battleaxe!!
* * * LOW HITPOINT WARNING * * *
The phantasmal warrior misses you. You furiously retaliate!
You headbutt the phantasmal warrior. The naga warrior barely misses you.
You furiously retaliate!
You headbutt the naga warrior! The naga warrior constricts you.
The salamander hits you with a +0 trident.
* * * LOW HITPOINT WARNING * * *
You are engulfed in flames.
You resist.
You die...

##....# #.
#....## #.
#.....# #.
##....# #. .
#.†..## ##. ...
##.....# #..
....#####?.....#
##..
......W........#
#...
..!##N@)N.....#
#).. #NN##.....#
#...
.N.S##.....#
###.
.[.....~.....#
#..
~........~.)...#
#..
#........##....#
... #........#
...# #...
~........~ #...


You could see 3 naga warriors, a salamander (strong, pain bonded), a shock
serpent (pain bonded), a phantasmal warrior (pain bonded) and a naga mage (fast,
pain bonded).

Vanquished Creatures
  A tentacled starspawn (Lair:5)
  2 frost giants (D:13)
  2 orc warlords
  Nessos (D:13)
  A vampire knight (D:13)
  Snorg (Orc:2)
  The ghost of Feff the Blocker, a journeyman OpFE of Gozag (Lair:4)
  An ettin (D:13)
  A yaktaur captain (D:13)
  Josephine (D:10)
  A rakshasa (D:13)
  4 vault guards (D:14)
  Erolcha (D:11)
  3 hydras (Lair:5)
  5 catoblepae
  5 centaur warriors
  A death knight (D:14)
  Erica (D:8)
  An anaconda (Snake:1)
  3 boulder beetles
  2 naga warriors (Snake:1)
  2 ironbound frosthearts (IceCv)
  12 death yaks
  2 orc high priests (Orc:2)
  5 two-headed ogres
  Urug (D:11)
  2 naga sharpshooters (Snake:1)
  A deep troll shaman (Lair:5)
  Amaemon (Lair:2)
  A skyshark (Lair:4)
  Nergalle (Lair:2)
  A fire crab (Lair:3)
  4 skeletal warriors
  A flayed ghost (D:13)
  A sea snake (Snake:1)
  An orb spider (shapeshifter) (D:13)
  Pikel (D:4)
  2 phantasmal warriors (Snake:1)
  A naga ritualist (Snake:1)
  5 orc knights
  2 deep elf pyromancers
  3 lindwurms
  2 wizards (D:14)
  6 ugly things
  3 cyclopes
  A mana viper (shapeshifter) (D:13)
  4 orc sorcerers (Orc:2)
  A wolf spider (D:13)
  A manticore (D:11)
  An ice statue (IceCv)
  16 elephants
  6 black mambas
  Maurice (D:11)
  21 cane toads
  A torpor snail (Lair:4)
  A gargoyle (D:14)
  An orange demon (Lair:2)
  Psyche (D:9)
  4 rime drakes
  2 efreet
  12 komodo dragons
  A yaktaur (D:13)
  A freezing wraith (D:13)
  3 tengu conjurers
  5 trolls
  A hellwing (Lair:4)
  An ancient zyme (Lair:4)
  A meliai (D:13)
  12 polar bears
  A raiju (Lair:4)
  Prince Ribbit (D:8)
  2 tyrant leeches (Lair:2)
  3 hornets
  Grinder (D:4)
  7 dream sheep (Lair:3)
  2 centaur simulacra
  8 wyverns
  66 yaks
  A spriggan (Lair:4)
  4 wraiths (D:10)
  A vampire (D:10)
  A human (Lair:5)
  Eustachio (D:4)
  3 steam dragons
  Grum (D:9)
  8 basilisks
  A swamp worm (Lair:2)
  14 vampire mosquitoes
  3 wargs
  Edmund (D:6)
  An acid dragon (D:9)
  2 nagas (Snake:1)
  13 water moccasins
  2 hell hounds (Lair:1)
  Duvessa (D:6)
  33 orc warriors
  An ice beast (D:6)
  A sky beast (D:7)
  4 ogres
  5 black bears
  4 boggarts (D:14)
  29 wolves
  4 centaurs
  2 phantoms
  3 kobold brigands
  A lemure (D:4)
  11 bullfrogs
  A scorpion (D:5)
  Dowan (D:6)
  4 wights (D:9)
  4 killer bees
  5 electric eels
  10 howler monkeys
  2 jellies
  26 orc priests
  6 hounds (D:5)
  A gnoll bouda (D:5)
  Ijyb (D:3)
  6 iguanas
  23 orc wizards
  Robin (D:3)
  17 gnolls (D:5)
  8 adders
  A shadow imp (D:6)
  A white imp (D:8)
  An ufetubus (D:7)
  3 worms
  5 dart slugs
  90 orcs
  2 bats
  8 endoplasms
  8 goblins
  8 hobgoblins
  13 jackals
  3 quokkas
  7 ball pythons
  A frilled lizard (D:2)
  20 kobolds
  2 rats
735 creatures vanquished.

Vanquished Creatures (others)
  A shadow imp (D:7)
  An orc (Orc:2)
  A goblin (D:3)
  2 starspawn tentacles (Lair:5)
5 creatures vanquished.

Grand Total: 740 creatures vanquished

Notes
Turn   | Place    | Note
-------+----------+-------------------------------------------
     0 | D:1      | ANON1729 the Minotaur Monk began the quest for the Orb.
     0 | D:1      | Reached XP level 1. HP: 19/19 MP: 0/0
   169 | D:1      | Reached XP level 2. HP: 27/27 MP: 1/1
   314 | D:1      | Reached skill level 1 in Armour
   900 | D:2      | Reached skill level 4 in Fighting
   900 | D:2      | Reached skill level 1 in Invocations
   900 | D:2      | Reached XP level 3. HP: 25/33 MP: 2/2
  1630 | D:3      | Reached XP level 4. HP: 30/40 MP: 4/4
  1688 | D:3      | Noticed Robin
  1688 | D:3      | Noticed Ijyb
  1693 | D:3      | Killed Ijyb
  1710 | D:3      | Killed Robin
  1724 | D:3      | HP: 1/40 [iguana (11)]
  1728 | D:3      | Reached XP level 5. HP: 1/47 MP: 5/5
  1939 | D:3      | Reached skill level 1 in Evocations
  2097 | D:3      | Found a bloodstained altar of Trog.
  2773 | D:4      | Found a hide-covered altar of Uskayaw.
  2863 | D:4      | Found a stormy altar of Qazlal.
  2870 | D:4      | Found an opulent altar of Gozag.
  2919 | D:4      | Noticed Grinder
  2938 | D:4      | Killed Grinder
  2939 | D:4      | Reached skill level 5 in Fighting
  2939 | D:4      | Reached XP level 6. HP: 45/56 MP: 6/6
  2961 | D:4      | Became a worshipper of Uskayaw the Reveller
  2961 | D:4      | Reached * piety under Uskayaw
  2996 | D:4      | Reached ** piety under Uskayaw
  3031 | D:4      | Found a staircase to the Ecumenical Temple.
  3044 | D:4      | Noticed Pikel
  3054 | D:4      | Reached *** piety under Uskayaw
  3057 | D:4      | Reached **** piety under Uskayaw
  3061 | D:4      | Killed Pikel
  3062 | D:4      | Reached skill level 5 in Short Blades
  3062 | D:4      | Reached skill level 5 in Dodging
  3062 | D:4      | Reached XP level 7. HP: 56/62 MP: 6/8
  3112 | D:4      | Noticed Eustachio
  3124 | D:4      | Killed Eustachio
  3125 | D:4      | Reached XP level 8. HP: 70/70 MP: 9/9
  3239 | D:4      | Identified the -2 pair of boots of Keim Jax {rF++ Dex-3
                  | Stlth+}
  3450 | D:5      | Entered Level 5 of the Dungeon
  3494 | D:5      | Reached skill level 6 in Fighting
  3568 | D:5      | Reached ***** piety under Uskayaw
  3624 | D:5      | Reached skill level 5 in Armour
  3880 | D:5      | Reached ****** piety under Uskayaw
  3888 | D:5      | Reached XP level 9. HP: 44/78 MP: 11/11
  4342 | D:5      | Reached skill level 7 in Fighting
  4390 | D:5      | Reached skill level 5 in Invocations
  4546 | D:5      | Identified the +0 pair of gloves of a volcano {+Inv Will-
                  | Int+3}
  4961 | D:6      | Noticed Dowan
  4961 | D:6      | Noticed Duvessa
  4968 | D:6      | Killed Duvessa
  4990 | D:6      | Killed Dowan
  5662 | D:6      | Noticed Edmund
  5666 | D:6      | Killed Edmund
  6400 | D:7      | Found a basalt altar of Yredelemnul.
  6624 | D:8      | Found a snail-covered altar of Cheibriados.
  6636 | D:8      | Reached skill level 5 in Evocations
  6636 | D:8      | Reached XP level 10. HP: 88/88 MP: 13/13
  6718 | D:8      | Found Jorurem's Antique Armour Shop.
  6834 | D:8      | Noticed Erica
  6843 | D:8      | Killed Erica
  6844 | D:8      | Reached skill level 8 in Fighting
  7023 | D:8      | Noticed Prince Ribbit
  7037 | D:8      | Killed Prince Ribbit
  7198 | D:8      | Found a staircase to the Lair.
  7712 | D:9      | Noticed Grum
  7721 | D:9      | Reached skill level 9 in Fighting
  7726 | D:9      | Reached XP level 11. HP: 82/97 MP: 15/15
  7734 | D:9      | Killed Grum
  7839 | D:9      | Found a shadowy altar of Dithmenos.
  7959 | D:9      | Noticed Psyche
  7968 | D:9      | Killed Psyche
  8096 | D:9      | Identified the +4 robe of Snakes and Ladders {Fly rCorr}
  8213 | D:10     | Entered Level 10 of the Dungeon
  8251 | D:10     | Noticed Josephine
  8288 | D:10     | Killed Josephine
  8374 | D:10     | Identified the staff of fire "Ugeramm" {rF+ Int+3}
  9330 | Lair:1   | Entered Level 1 of the Lair of Beasts
  9802 | Lair:1   | Reached skill level 10 in Fighting
  9904 | Lair:1   | Noticed a catoblepas
  9952 | Lair:1   | Killed a catoblepas
 10449 | Lair:2   | Noticed Amaemon
 10463 | Lair:2   | Killed Amaemon
 10464 | Lair:2   | Reached XP level 12. HP: 98/107 MP: 17/17
 10800 | Lair:2   | Found a staircase to the Swamp.
 11387 | Lair:2   | Noticed Nergalle
 11404 | Lair:2   | Killed Nergalle
 11405 | Lair:2   | Reached skill level 10 in Short Blades
 11405 | Lair:2   | Reached skill level 10 in Armour
 11694 | Lair:3   | Noticed a boulder beetle
 11694 | Lair:3   | Found a hide-covered altar of Uskayaw.
 11694 | Lair:3   | Found an ornate altar of the Wu Jian Council.
 11741 | Lair:3   | Killed a boulder beetle
 11742 | Lair:3   | Reached skill level 10 in Dodging
 11938 | Lair:3   | Noticed a catoblepas
 12041 | Lair:3   | Killed a catoblepas
 12042 | Lair:3   | Reached skill level 11 in Fighting
 12227 | Lair:3   | Found a staircase to the Snake Pit.
 12626 | Lair:3   | Found a runed translucent door.
 12755 | Lair:3   | Reached XP level 13. HP: 82/116 MP: 17/19
 14414 | Lair:4   | Reached skill level 12 in Fighting
 14681 | Lair:4   | Found a transporter.
 14693 | Lair:4   | Noticed Feff's ghost (journeyman OpFE)
 14724 | Lair:4   | Found a transporter.
 14738 | Lair:4   | Found a one-way gate to the infinite horrors of the Abyss.
 14764 | Lair:4   | Reached skill level 10 in Invocations
 15553 | Lair:5   | Entered Level 5 of the Lair of Beasts
 15594 | Lair:4   | Killed Feff's ghost
 15912 | Lair:5   | Found a staircase to the Slime Pits.
 15912 | Lair:5   | Found a viscous altar of Jiyva.
 16096 | Lair:5   | Reached XP level 14. HP: 127/127 MP: 20/20
 16439 | Lair:5   | Identified the +1 robe of Courage {Int+3}
 17268 | Lair:5   | Reached skill level 13 in Fighting
 17789 | Lair:5   | Found a runed translucent door.
 17789 | Lair:5   | Noticed a tentacled starspawn
 17937 | Lair:5   | Killed a tentacled starspawn
 18176 | D:11     | Noticed Urug
 18196 | D:11     | Killed Urug
 18313 | D:11     | Noticed Erolcha
 18324 | D:11     | Killed Erolcha
 18426 | D:11     | Found a staircase to the Orcish Mines.
 18480 | D:11     | Found a portal to a secret trove of treasure.
 18541 | D:11     | Noticed Maurice
 18556 | D:11     | Killed Maurice
 19079 | D:12     | Reached skill level 10 in Evocations
 19166 | D:12     | Found a frozen archway.
 19313 | IceCv    | Entered an ice cave
 19769 | IceCv    | Reached XP level 15. HP: 95/137 MP: 22/22
 19883 | IceCv    | Got the Grimoire of Hail
 20583 | D:13     | Reached skill level 14 in Fighting
 20777 | D:13     | HP: 3/138 [ettin/+0 dire flail (4)]
 21283 | D:13     | Noticed Nessos
 21298 | D:13     | Killed Nessos
 21440 | D:13     | Found a radiant altar of Vehumet.
 21780 | D:13     | Noticed a frost giant
 21780 | D:13     | Noticed a frost giant
 21793 | D:13     | Killed a frost giant
 21798 | D:13     | Killed a frost giant
 21873 | D:13     | Found the +3 giant club "Skullcrusher" {speed, Str+7}
 23682 | D:14     | Found a gate to the Vaults.
 23982 | Orc:1    | Entered Level 1 of the Orcish Mines
 24334 | Orc:2    | Entered Level 2 of the Orcish Mines
 24334 | Orc:2    | Noticed Snorg
 24334 | Orc:2    | Found a staircase to the Elven Halls.
 24346 | Orc:2    | Killed Snorg
 24458 | Orc:2    | Found Ohefu's Book Shop.
 24939 | Orc:2    | Found Sufralimm's Antique Weapon Shoppe.
 25015 | Orc:2    | Paralysed by an orc sorcerer for 3 turns
 25370 | Orc:2    | Reached XP level 16. HP: 50/147 MP: 15/24
 25889 | Orc:2    | Found Doahoruecs's Antique Weapon Boutique.
 25891 | Orc:2    | Found Tejas's Antique Armour Shop.
 25904 | Orc:2    | Bought a warped rapier for 234 gold pieces
 25904 | Orc:2    | Identified the +5 rapier of Defiance {flame, +Blink Str+3
                  | Int+3} (You bought it in a shop on level 2 of the Orcish
                  | Mines)
 26143 | Snake:1  | Entered Level 1 of the Snake Pit
 26159 | Snake:1  | Found Gaheun's Armour Emporium.
 26167 | Snake:1  | Bought a +2 scale mail of fire resistance for 336 gold
                  | pieces
 26182 | Snake:1  | Found Quim's Armour Emporium.
 26323 | Snake:1  | Identified the +4 ring mail of Jori {Dex+6}
 26373 | Snake:1  | Reached skill level 15 in Fighting
 26388 | Snake:1  | HP: 6/149 [salamander/+0 trident (3)]
 26388 | Snake:1  | Slain by a salamander

Illustrated notes

Levels and vault maps discovered:
D:1:      saegor_arrival_simple_b, layout_basic, hangedman_decor_growths
D:2:      layout_rooms
D:3:      layout_basic, trog_hazing_becter, dreamdust_princess_corridor,
          nicolae_goblin_pals
D:4:      layout_cave_pools, eat_drink_and_be_merry_uskayaw,
          mainiacjoe_overflow_big_doors, minmay_temple_entry_statues_pillars,
          uniq_eustachio, uniq_ijyb, uniq_pikel, uniq_grinder
D:5:      lemuel_castle_with_subvaults [lemuel_castle_interior_carwin_2],
          layout_basic
D:6:      layout_basic, uniq_edmund, uniq_crazy_yiuf_cottage, uniq_duvessa
D:7:      layout_cave_pools, mainiacjoe_overflow_brackets
D:8:      layout_basic, mainiacjoe_overflow_tiny_flanked, david_lair_generic,
          serial_shops, shop, uniq_prince_ribbit1, uniq_erica
D:9:      layout_roguey, nicolae_dithmenos_the_darkroom, uniq_grum, uniq_psyche
D:10:     layout_loops_ring, st_stairs_5, uniq_josephine
D:11:     layout_cave_pools, orc_0_dummy, nicolae_trove_entry_columns,
          uniq_maurice, uniq_urug, uniq_erolcha
D:12:     layout_cave_pools, portal_ice_cave_rime
D:13:     minmay_tearing_corner, layout_basic, minmay_misc_feat_rows,
          nicolae_vehumet_radiance, uniq_nessos
D:14:     layout_basic, grunt_vaults_entry_fortified, wad_woods_river_04
Lair:1:   layout_regular_city, enter_volcano_3, serial_bayou_lagoon_b,
          infiniplex_staircase_pool
Lair:2:   layout_roguey, minmay_swamp_entry_worms, uniq_amaemon, uniq_nergalle
Lair:3:   gammafunk_lair_enchanted_lake, layout_cave_pods, dummy_snake_entry,
          chequers_serial_rivers_marsh, nzn_masters_of_martial_movement
Lair:4:   statuecave_lemuel, layout_big_grid, gammafunk_ghost_abyssal_escape,
          beast_lair_carwin_1, serial_bayou_shore_b
Lair:5:   grunt_lair_end_beastmaster, layout_regular_city, slime_entry_1,
          minivault_23, chequers_serial_rivers_large_a,
          pdpol_lair_cabin_in_the_woods
Snake:1:  layout_onion, serial_bayou_pond_b,
          nicolae_snake_ghostly_warrior_ritual, serial_bayou_shore_a,
          minmay_shop_star, grunt_megastairs_3
Orc:1:    layout_caves
Orc:2:    grunt_orc_community_town_hall, layout_caves,
          grunt_orc_community_big_house_1, grunt_orc_community_big_house_2,
          grunt_orc_community_house_3, grunt_orc_community_house_3,
          grunt_orc_community_house_2, grunt_orc_community_house_1,
          grunt_orc_community_house_2, grunt_orc_community_house_3,
          hellmonk_bongcloud_opening, uniq_snorg

Skill      XL: |  1  2  3  4  5  6  7  8  9 10 11 12 13 14 15 16 |
---------------+-------------------------------------------------+-----
Armour         | 1 2 3 4 5 6 8 9 10 12 13 14 | 14.4
Fighting       | 4 5 6 7 9 10 11 12 13 14 15 | 15.0
Invocations    | 1 2 3 4 5 7 8 9 10 11 12 | 12.5
Short Blades   | 4 5 6 7 8 9 10 11 12 13 | 13.9
Dodging        | 4 5 6 7 8 9 10 11 12 13 | 13.8
Evocations     | 1 2 3 5 6 7 8 9 10 11 | 11.2

Action                     |  1- 3 |  4- 6 |  7- 9 | 10-12 | 13-15 | 16-18 || total
---------------------------+-------+-------+-------+-------+-------+-------++-------
  Melee: Short sword       |    89 |   124 |    13 |       |       |       ||   226
         Headbutt          |    23 |    34 |    68 |   198 |   676 |    63 ||  1062
         Rapier            |       |       |   252 |   607 |   573 |       ||  1432
         Quick blade       |       |       |       |       |  1170 |   168 ||  1338
 Invoke: Stomp             |       |       |       |     6 |    10 |     1 ||    17
         Line Pass         |       |       |       |     2 |     4 |       ||     6
         Grand Finale      |       |       |       |       |     1 |       ||     1
  Evoke: Wand              |       |       |       |     5 |     7 |       ||    12
    Use: Potion            |       |     1 |       |     2 |     4 |       ||     7
         Scroll            |       |       |       |    10 |    10 |     1 ||    21
   Stab: Paralysed         |       |     2 |    20 |    45 |   117 |     7 ||   191
         Petrified         |       |       |       |     7 |     3 |       ||    10
         Invisible         |       |       |       |     1 |     1 |       ||     2
         Confused          |       |       |       |       |     3 |       ||     3
 Armour: Robe              |    14 |    26 |    53 |    20 |       |       ||   113
         Acid dragon scale |       |       |       |   132 |   282 |     2 ||   416
         Scale mail        |       |       |       |       |       |    15 ||    15
  Dodge: Dodged            |    45 |    86 |   240 |   460 |   901 |    57 ||  1789
  Block: Orb               |       |    15 |    51 |   109 |   235 |    14 ||   424
         Reflection        |       |       |     1 |       |     7 |     3 ||    11
